[Event "Turkish Championship 2019"]
[Site "Antalya-Kemer"]
[Date "2019.11.23"]
[Round "1.1"]
[White "Cansun, Can Alp"]
[Black "Yilmazyerli, Mert"]
[Result "0-1"]
[ECO "B84"]
[WhiteElo "2203"]
[BlackElo "2396"]
[Annotator "NA"]
[PlyCount "82"]
[EventDate "2019.11.23"]
[EventType "tourn"]
[EventCountry "TUR"]
[SourceTitle "playchess.com"]
[Source "ChessBase"]
[SourceQuality "1"]
[TimeControl "40/5400+30:1800+30"]

1. e4 c5 2. Nf3 d6 3. d4 cxd4 4. Nxd4 Nf6 5. Nc3 a6 6. Be3 e6 7. Be2 Qc7 8. f4 b5 9. a3 Bb7 10. Bf3 Nbd7 11. Qe2 e5 12. Nb3 Rc8 13. O-O Be7 14. Rad1 O-O 15. Qf2 Bc6 16. Qg3 Kh8 17. fxe5 dxe5 18. Kh1 a5 19. Rf2 b4 20. axb4 axb4 21. Nd5 Bxd5 22. exd5 Bd6 23. Qh3 e4 24. Bg4 Nxg4 25. Qxg4 Bxh2 26. Qxe4 Rce8 27. Qf3 Nf6 28. Bf4 Bxf4 29. Qxf4 Qd8 30. Nc5 Nh5 31. Qf3 Re5 32. Kg1 Rfe8 33. Nd3 Rxd5 34. Qxf7 Nf6 35. Qb7 Ng4 36. Rf4 Qh4 37. Rxg4 Qxg4 38. Rf1 Qd4+ 39. Rf2 Rf5 40. Qxb4 Qxb4 41. Nxb4 Re1+ 0-1

[Event "Turkish Championship 2019"]
[Site "Antalya-Kemer"]
[Date "2019.11.23"]
[Round "1.2"]
[White "Sevgi, Volkan"]
[Black "Haznedaroglu, Kivanc"]
[Result "1/2-1/2"]
[ECO "A34"]
[WhiteElo "2325"]
[BlackElo "2461"]
[Annotator "ChessBase"]
[PlyCount "127"]
[EventDate "2019.11.23"]
[EventType "tourn"]
[EventCountry "TUR"]
[SourceTitle "playchess.com"]
[Source "ChessBase"]
[SourceQuality "1"]
[TimeControl "40/5400+30:1800+30"]

1. Nf3 Nf6 2. g3 c5 3. Bg2 Nc6 4. O-O e5 5. d3 d6 6. c4 Be7 7. Nc3 O-O 8. a3 Rb8 9. Rb1 a6 10. Nd2 Be6 11. Nd5 Qd7 12. Nb6 Qe8 13. b4 cxb4 14. axb4 Bd8 15. Nd5 b5 16. Nxf6+ Bxf6 17. Ne4 Be7 18. cxb5 axb5 19. Nc3 Qd7 20. Nd5 Rfc8 21. Be3 Bd8 22. Qd2 Bh3 23. Bxh3 Qxh3 24. d4 Qf5 25. dxe5 Nxe5 26. Bf4 Nc4 27. Qd3 Qe6 28. h4 Bf6 29. Nxf6+ Qxf6 30. Ra1 Ne5 31. Qd5 Nc4 32. Ra7 Qe6 33. Rd1 Re8 34. e3 h6 35. h5 Qf6 36. Rd4 Re6 37. Kg2 Qd8 38. Qc6 Rb6 39. Ra8 Rxc6 40. Rxd8+ Kh7 41. Rb8 Nb6 42. Rb7 g5 43. hxg6+ Kxg6 44. e4 Na4 45. Rxb5 Nc3 46. Rbd5 Ne2 47. b5 Nxd4 48. bxc6 Nxc6 49. Rxd6 Rxd6 50. Bxd6 f5 51. Kf3 Nd4+ 52. Kf4 fxe4 53. Kxe4 Nf5 54. Bc7 h5 55. Be5 Ne7 56. Bd6 Nf5 57. Bf8 Kf6 58. Bc5 Kg5 59. Be3+ Kf6 60. Bf4 Kg6 61. f3 Ng7 62. Ke5 Nf5 63. g4 hxg4 64. Ke4 1/2-1/2

[Event "Turkish Championship 2019"]
[Site "Antalya-Kemer"]
[Date "2019.11.23"]
[Round "1.3"]
[White "Yilmaz, Mustafa"]
[Black "Ozen, Deniz"]
[Result "1/2-1/2"]
[ECO "D94"]
[WhiteElo "2605"]
[BlackElo "2422"]
[Annotator "ChessBase"]
[PlyCount "75"]
[EventDate "2019.11.23"]
[EventType "tourn"]
[EventCountry "TUR"]
[SourceTitle "playchess.com"]
[Source "ChessBase"]
[SourceQuality "1"]
[TimeControl "40/5400+30:1800+30"]

1. Nf3 Nf6 2. c4 c6 3. Nc3 d5 4. e3 g6 5. d4 Bg7 6. Be2 O-O 7. O-O a6 8. a4 a5 9. cxd5 cxd5 10. Ne5 Ne4 11. Nxe4 Bxe5 12. dxe5 dxe4 13. Bd2 Nc6 14. Bc3 Qxd1 15. Rfxd1 Be6 16. Bb5 Rfc8 17. f3 exf3 18. gxf3 Rc7 19. Kf2 Rac8 20. Rd2 b6 21. e4 Bb3 22. h4 Nb4 23. h5 Bc4 24. hxg6 fxg6 25. Bd7 Nd3+ 26. Rxd3 Bxd3 27. Be6+ Kf8 28. Bxc8 Rxc8 29. Rh1 Kg8 30. Rd1 Bc2 31. Rd7 Kf7 32. Rb7 Rc6 33. Ke3 Bxa4 34. Bd4 b5 35. f4 Bc2 36. Rxb5 a4 37. Rb7 h5 38. Rb8 1/2-1/2

[Event "Turkish Championship 2019"]
[Site "Antalya-Kemer"]
[Date "2019.11.23"]
[Round "1.4"]
[White "Kamer, Kayra"]
[Black "Sanal, Vahap"]
[Result "0-1"]
[ECO "C50"]
[WhiteElo "2329"]
[BlackElo "2545"]
[Annotator "ChessBase"]
[PlyCount "90"]
[EventDate "2019.11.23"]
[EventType "tourn"]
[EventCountry "TUR"]
[SourceTitle "playchess.com"]
[Source "ChessBase"]
[SourceQuality "1"]
[TimeControl "40/5400+30:1800+30"]

1. e4 e5 2. Nf3 Nc6 3. Nc3 Nf6 4. Bb5 Bd6 5. d3 a6 6. Bc4 h6 7. a3 Bc5 8. Be3 d6 9. b4 Ba7 10. Bxa7 Rxa7 11. h3 O-O 12. O-O Ra8 13. d4 Re8 14. dxe5 Nxe5 15. Nxe5 dxe5 16. Qxd8 Rxd8 17. f4 Be6 18. Bxe6 fxe6 19. fxe5 Nd7 20. Rad1 Nxe5 21. Ne2 Rxd1 22. Rxd1 Kf7 23. Kf2 Ke7 24. Nd4 Nc4 25. a4 a5 26. bxa5 Rxa5 27. Nb3 Rxa4 28. Nc5 Ra2 29. Rd7+ Kf6 30. Rxc7 Rxc2+ 31. Kg3 Rc3+ 32. Kh4 b5 33. Nd7+ Ke7 34. Nb8+ Kd6 35. Rxg7 b4 36. Rd7+ Kc5 37. Na6+ Kc6 38. Rd3 Kb5 39. Nxb4 Kxb4 40. Rxc3 Kxc3 41. Kh5 Ne3 42. g4 Kd4 43. Kxh6 Kxe4 44. Kg5 e5 45. h4 Kd4 0-1

[Event "Turkish Championship 2019"]
[Site "Antalya-Kemer"]
[Date "2019.11.23"]
[Round "1.5"]
[White "Koksal, Ege"]
[Black "Yuksel, Atilla Koksal"]
[Result "1-0"]
[ECO "D47"]
[WhiteElo "2375"]
[BlackElo "2250"]
[Annotator "NA"]
[PlyCount "109"]
[EventDate "2019.11.23"]
[EventType "tourn"]
[EventCountry "TUR"]
[SourceTitle "playchess.com"]
[Source "ChessBase"]
[SourceQuality "1"]
[TimeControl "40/5400+30:1800+30"]

1. d4 d5 2. c4 e6 3. Nc3 Nf6 4. Nf3 c6 5. e3 Nbd7 6. Bd3 dxc4 7. Bxc4 b5 8. Bd3 Bd6 9. O-O O-O 10. Ng5 Bb7 11. Qf3 b4 12. Nce4 Nxe4 13. Qxe4 Nf6 14. Qh4 h6 15. Ne4 Nxe4 16. Qxe4 g6 17. b3 Qe7 18. Qg4 h5 19. Qe2 c5 20. dxc5 Be5 21. Bb2 Bxb2 22. Qxb2 Qxc5 23. Rad1 e5 24. Bc4 Rad8 25. Qc2 Kg7 26. Rd2 Qe7 27. Rfd1 Qg5 28. Bf1 Rc8 29. Qb2 Rc3 30. Rd7 Bf3 31. Re1 Rfc8 32. Qd2 Rc2 33. Qxb4 Qf5 34. Rd2 Rc1 35. Rb2 Be4 36. f3 Bd3 37. Qd2 Rxe1 38. Qxe1 Bxf1 39. Qxf1 Rc2 40. Qb1 Rxb2 41. Qxb2 Kh7 42. b4 h4 43. h3 Qg5 44. Qf2 Qe7 45. a3 g5 46. Qc2+ Kg7 47. Qc5 Qe6 48. Qxa7 Qb3 49. Qc5 f6 50. b5 Qd1+ 51. Kh2 Qe1 52. e4 Qg3+ 53. Kh1 Qe1+ 54. Qg1 Qa5 55. Qb1 1-0

[Event "Turkish Championship 2019"]
[Site "Antalya-Kemer"]
[Date "2019.11.24"]
[Round "2.1"]
[White "Sanal, Vahap"]
[Black "Koksal, Ege"]
[Result "1-0"]
[ECO "C43"]
[WhiteElo "2545"]
[BlackElo "2375"]
[Annotator "ChessBase"]
[PlyCount "79"]
[EventDate "2019.11.23"]
[EventType "tourn"]
[EventCountry "TUR"]
[SourceTitle "playchess.com"]
[Source "ChessBase"]
[SourceQuality "1"]
[TimeControl "40/5400+30:1800+30"]

1. e4 e5 2. Nf3 Nf6 3. d4 Nxe4 4. Bd3 d5 5. Nxe5 Be7 6. O-O O-O 7. Nc3 Nxc3 8. bxc3 Nd7 9. Nxd7 Qxd7 10. Qh5 g6 11. Qf3 b6 12. Bh6 Re8 13. Rfe1 Bb7 14. g3 Bf8 15. Bxf8 Rxf8 16. h4 Rae8 17. Qf4 Qc6 18. Qd2 h5 19. Rf1 Bc8 20. Kg2 Qf6 21. f4 Bf5 22. Rae1 Be4+ 23. Kh2 Qf5 24. Bb5 Rc8 25. Rf2 c5 26. Bf1 Qf6 27. f5 cxd4 28. c4 Bxf5 29. cxd5 Qg7 30. Qg5 Rfd8 31. Ba6 f6 32. Qf4 Rc5 33. Qxd4 Qd7 34. Qxf6 Rf8 35. Qd4 Kh7 36. d6 Rf7 37. Bc4 Rg7 38. Bb3 Bg4 39. Rf8 Qb5 40. Re7 1-0

[Event "Turkish Championship 2019"]
[Site "Antalya-Kemer"]
[Date "2019.11.24"]
[Round "2.2"]
[White "Ozen, Deniz"]
[Black "Kamer, Kayra"]
[Result "1/2-1/2"]
[ECO "A45"]
[WhiteElo "2422"]
[BlackElo "2329"]
[Annotator "ChessBase"]
[PlyCount "60"]
[EventDate "2019.11.23"]
[EventType "tourn"]
[EventCountry "TUR"]
[SourceTitle "playchess.com"]
[Source "ChessBase"]
[SourceQuality "1"]
[TimeControl "40/5400+30:1800+30"]

1. d4 Nf6 2. Bf4 g6 3. Nc3 d5 4. e3 Bg7 5. h4 h5 6. Nf3 O-O 7. Be2 c5 8. dxc5 Qa5 9. O-O Qxc5 10. Nb5 a6 11. Nc7 Ra7 12. Nb5 Ra8 13. Qd4 Qxd4 14. Nbxd4 Ng4 15. Bc7 e5 16. Nb3 Bf5 17. c3 Rc8 18. Bd6 Nd7 19. Rad1 Rc6 20. Ba3 Nb6 21. Na5 Rc7 22. Rd2 Rd8 23. Rfd1 Bh6 24. b3 Nf6 25. Nc4 Nxc4 26. Bxc4 Rcd7 27. Be2 Re8 28. Bb4 Rdd8 29. Ng5 Rd7 30. Bf3 e4 1/2-1/2

[Event "Turkish Championship 2019"]
[Site "Antalya-Kemer"]
[Date "2019.11.24"]
[Round "2.4"]
[White "Yilmazyerli, Mert"]
[Black "Sevgi, Volkan"]
[Result "1-0"]
[ECO "C96"]
[WhiteElo "2396"]
[BlackElo "2325"]
[Annotator "NA"]
[PlyCount "55"]
[EventDate "2019.11.23"]
[EventType "tourn"]
[EventCountry "TUR"]
[SourceTitle "playchess.com"]
[Source "ChessBase"]
[SourceQuality "1"]
[TimeControl "40/5400+30:1800+30"]

1. e4 e5 2. Nf3 Nc6 3. Bb5 a6 4. Ba4 Nf6 5. O-O Be7 6. Re1 b5 7. Bb3 O-O 8. c3 d6 9. h3 Na5 10. Bc2 c5 11. d4 Nd7 12. Nbd2 exd4 13. cxd4 Nc6 14. d5 Nce5 15. Nxe5 Nxe5 16. f4 Ng6 17. Nf3 Bh4 18. Rf1 Bg3 19. f5 Ne5 20. Ng5 h6 21. f6 hxg5 22. Bxg5 g6 23. Qc1 Nc4 24. Bh6 Re8 25. Qg5 Be5 26. Bg7 Bd4+ 27. Kh1 Re5 28. Rf5 1-0

[Event "Turkish Championship 2019"]
[Site "Antalya-Kemer"]
[Date "2019.11.24"]
[Round "2.5"]
[White "Gokerkan, Cem Kaan"]
[Black "Cansun, Can Alp"]
[Result "1-0"]
[ECO "B48"]
[WhiteElo "2452"]
[BlackElo "2203"]
[Annotator "ChessBase"]
[PlyCount "115"]
[EventDate "2019.11.23"]
[EventType "tourn"]
[EventCountry "TUR"]
[SourceTitle "playchess.com"]
[Source "ChessBase"]
[SourceQuality "1"]
[TimeControl "40/5400+30:1800+30"]

1. e4 c5 2. Nf3 e6 3. d4 cxd4 4. Nxd4 Nc6 5. Nc3 Qc7 6. Be3 a6 7. Qd2 Nf6 8. f4 Bb4 9. Bd3 d5 10. e5 Ng4 11. Bg1 Na5 12. h3 Nh6 13. a3 Bxc3 14. Qxc3 Qxc3+ 15. bxc3 Bd7 16. Nb3 Nc4 17. Bxc4 dxc4 18. Na5 Nf5 19. g4 Ne7 20. Nxc4 O-O 21. Nb6 Bc6 22. Rh2 Rad8 23. Bc5 Rfe8 24. Bxe7 Rxe7 25. Rd1 Rxd1+ 26. Kxd1 h5 27. Kd2 Bf3 28. g5 Rc7 29. Kd3 h4 30. Kd4 Kh7 31. c4 Kg6 32. Rf2 Bc6 33. c5 Bb5 34. a4 Bc6 35. Rd2 f6 36. gxf6 gxf6 37. a5 Bb5 38. f5+ exf5 39. e6 Re7 40. Nd5 Rxe6 41. Nf4+ Kf7 42. Nxe6 Kxe6 43. Rf2 Bc6 44. Rf4 Bg2 45. Rxh4 f4 46. Rxf4 Bxh3 47. c6 bxc6 48. Kc5 Ke5 49. Rf2 f5 50. Kb6 f4 51. Kxa6 Ke4 52. Kb6 Ke3 53. Rh2 Bf5 54. a6 c5 55. a7 Be4 56. Rh8 Kd4 57. Rf8 f3 58. Rf4 1-0

[Event "Turkish Championship 2019"]
[Site "Antalya-Kemer"]
[Date "2019.11.25"]
[Round "3.4"]
[White "Koksal, Ege"]
[Black "Ozen, Deniz"]
[Result "1-0"]
[ECO "D17"]
[WhiteElo "2375"]
[BlackElo "2422"]
[Annotator "ChessBase"]
[PlyCount "73"]
[EventDate "2019.11.23"]
[EventType "tourn"]
[EventCountry "TUR"]
[SourceTitle "playchess.com"]
[Source "ChessBase"]
[SourceQuality "1"]
[TimeControl "40/5400+30:1800+30"]

1. d4 d5 2. c4 c6 3. Nc3 Nf6 4. Nf3 dxc4 5. a4 Bf5 6. Ne5 e6 7. f3 Bb4 8. Nxc4 O-O 9. Bg5 h6 10. Bh4 Be7 11. e4 Bh7 12. Be2 Nbd7 13. Bf2 Nb6 14. Ne5 Nbd7 15. Nd3 Rc8 16. O-O a5 17. Qb3 b6 18. Rac1 Re8 19. Rfd1 Qc7 20. Nb1 Qa7 21. Na3 Bf8 22. Nc4 Be7 23. Nce5 Nxe5 24. Nxe5 Qb7 25. Nc4 Bb4 26. Be1 Bxe1 27. Rxe1 Red8 28. Nxa5 Qd7 29. Qxb6 Rb8 30. Qc5 Bxe4 31. fxe4 Nxe4 32. Qe5 Nd2 33. Nxc6 Rxb2 34. Nxd8 Qxd8 35. a5 Ra2 36. Ra1 Qh4 37. Qe3 1-0

[Event "Turkish Championship 2019"]
[Site "Antalya-Kemer"]
[Date "2019.11.29"]
[Round "7.1"]
[White "Kamer, Kayra"]
[Black "Sevgi, Volkan"]
[Result "1/2-1/2"]
[ECO "B14"]
[WhiteElo "2329"]
[BlackElo "2325"]
[Annotator "NA"]
[PlyCount "66"]
[EventDate "2019.11.23"]
[EventType "tourn"]
[EventCountry "TUR"]
[SourceTitle "playchess.com"]
[Source "ChessBase"]
[SourceQuality "1"]
[TimeControl "40/5400+30:1800+30"]

1. e4 c6 2. d4 d5 3. exd5 cxd5 4. c4 Nf6 5. Nc3 e6 6. Nf3 Bb4 7. Bf4 {[%emt 0:11:30] B14: Caro-Kann: Panov-Botvinnik Attack with 5...e6 and 5...g6} (7. cxd5 Nxd5 8. Qc2 Nc6 9. a3 Ba5 10. Bd3 h6 11. O-O O-O 12. Rd1 Bd7 13. Ne4 Bb6 14. Bc4 Rc8 15. Nd6 Rc7 16. Nb5 Ncb4 17. Qb3 Bxb5 18. Bxb5 {0-1 (56) Gelfand,B (2719)-Dominguez Perez,L (2752) Hengshui 2019}) 7... O-O 8. Rc1 Nc6 9. Bd3 dxc4 10. Bxc4 Nd5 11. Bg3 $146 ({Predecessor:} 11. Be3 Re8 12. O-O Be7 13. Ne4 Qb6 14. Qc2 h6 15. a3 Bd7 {1-0 (44) Flach,E (2164)-Kammerer,P (1930) Frankfurt 2013}) 11... Bd7 12. O-O Nxc3 13. bxc3 Ba3 14. Rb1 b6 15. Qe2 Be7 16. Rfd1 Bf6 17. d5 exd5 18. Rxd5 Qe8 19. Qd3 Be6 20. Re1 Na5 21. Rh5 g6 22. Bxe6 fxe6 23. Rh3 Rd8 24. Qe3 Nc4 25. Qh6 Qf7 26. Bh4 Rd7 27. Qf4 $11 e5 28. Qg4 Bxh4 29. Qxh4 Qf4 30. Ng5 Qxh4 31. Rxh4 b5 32. a4 a6 33. axb5 axb5 1/2-1/2

[Event "Turkish Championship 2019"]
[Site "Antalya-Kemer"]
[Date "2019.11.29"]
[Round "7.2"]
[White "Koksal, Ege"]
[Black "Cansun, Can Alp"]
[Result "1-0"]
[ECO "E10"]
[WhiteElo "2375"]
[BlackElo "2203"]
[Annotator "ChessBase"]
[PlyCount "63"]
[EventDate "2019.11.23"]
[EventType "tourn"]
[EventCountry "TUR"]
[SourceTitle "playchess.com"]
[Source "ChessBase"]
[SourceQuality "1"]
[TimeControl "40/5400+30:1800+30"]

1. d4 Nf6 2. c4 e6 3. Nf3 c5 4. d5 b5 5. dxe6 fxe6 6. cxb5 d5 7. g3 Bd6 8. Bg2 O-O 9. O-O Bb7 10. Nbd2 h6 11. b3 a6 12. bxa6 Rxa6 13. Bb2 Nbd7 14. Qc2 Qa8 15. Nh4 Re8 16. Rfe1 Ne5 17. e4 d4 18. f4 Neg4 19. e5 c4 20. Bxd4 cxb3 21. Nxb3 Rc8 22. Qe2 Bxg2 23. Nxg2 Rac6 24. exf6 Rc2 25. Qxe6+ Kh7 26. Qe4+ Qxe4 27. Rxe4 Rxg2+ 28. Kxg2 Rc2+ 29. Kf3 h5 30. Re2 Nxh2+ 31. Ke3 Ng4+ 32. Ke4 1-0

[Event "Turkish Championship 2019"]
[Site "Antalya-Kemer"]
[Date "2019.11.29"]
[Round "7.3"]
[White "Yuksel, Atilla Koksal"]
[Black "Gokerkan, Cem Kaan"]
[Result "0-1"]
[ECO "B14"]
[WhiteElo "2250"]
[BlackElo "2452"]
[Annotator "ChessBase"]
[PlyCount "56"]
[EventDate "2019.11.23"]
[EventType "tourn"]
[EventCountry "TUR"]
[SourceTitle "playchess.com"]
[Source "ChessBase"]
[SourceQuality "1"]
[TimeControl "40/5400+30:1800+30"]

1. e4 c6 2. d4 d5 3. exd5 cxd5 4. c4 Nf6 5. Nc3 e6 6. Bg5 Be7 7. c5 O-O 8. Nf3 b6 9. b4 Ne4 10. Bxe7 Qxe7 11. Rc1 a5 12. a3 axb4 13. axb4 Nc6 14. Qb3 Ng5 15. Rd1 bxc5 16. dxc5 Nxf3+ 17. gxf3 Qh4 18. b5 Nd4 19. Rxd4 Qxd4 20. c6 Ra1+ 21. Nd1 e5 22. Be2 Bh3 23. f4 Bg2 24. Rg1 Be4 25. Rg3 exf4 26. Qc3 Rxd1+ 27. Bxd1 fxg3 28. Qxd4 gxh2 0-1

[Event "Turkish Championship 2019"]
[Site "Antalya-Kemer"]
[Date "2019.11.30"]
[Round "8.1"]
[White "Yilmazyerli, Mert"]
[Black "Ozen, Deniz"]
[Result "1/2-1/2"]
[ECO "D38"]
[WhiteElo "2396"]
[BlackElo "2422"]
[Annotator "ChessBase"]
[PlyCount "36"]
[EventDate "2019.11.23"]
[EventType "tourn"]
[EventCountry "TUR"]
[SourceTitle "playchess.com"]
[Source "ChessBase"]
[SourceQuality "1"]
[TimeControl "40/5400+30:1800+30"]

1. c4 e6 2. Nc3 d5 3. d4 Nf6 4. Nf3 Bb4 5. Bg5 h6 6. Bxf6 Qxf6 7. e3 O-O 8. Rc1 dxc4 9. Bxc4 c5 10. O-O cxd4 11. Nxd4 Bd7 12. Qb3 Nc6 13. Nxc6 Bxc3 14. Rxc3 Bxc6 15. Bb5 Bd5 16. Bc4 Bc6 17. Bb5 Bd5 18. Bc4 Bc6 1/2-1/2

[Event "Turkish Championship 2019"]
[Site "Antalya-Kemer"]
[Date "2019.11.30"]
[Round "8.2"]
[White "Gokerkan, Cem Kaan"]
[Black "Sanal, Vahap"]
[Result "0-1"]
[ECO "C55"]
[WhiteElo "2452"]
[BlackElo "2545"]
[Annotator "ChessBase"]
[PlyCount "126"]
[EventDate "2019.11.23"]
[EventType "tourn"]
[EventCountry "TUR"]
[SourceTitle "playchess.com"]
[Source "ChessBase"]
[SourceQuality "1"]
[TimeControl "40/5400+30:1800+30"]

1. e4 e5 2. Nf3 Nc6 3. Bc4 Nf6 4. d3 h6 5. Nc3 d6 6. a4 g5 7. Be3 Bg7 8. Qd2 Be6 9. O-O-O d5 10. exd5 Nxd5 11. Rhe1 O-O 12. Bxd5 Bxd5 13. h4 f6 14. hxg5 fxg5 15. Nxd5 Qxd5 16. c4 Qd6 17. Qc2 Nb4 18. Qb3 c5 19. Re2 Rad8 20. Red2 Nc6 21. Ng1 Na5 22. Qa3 Qb6 23. Kc2 e4 24. Bxc5 exd3+ 25. Rxd3 Rxd3 26. Rxd3 Rxf2+ 27. Bxf2 Qxf2+ 28. Kb1 Qxg1+ 29. Ka2 Qb6 30. c5 Qe6+ 31. Kb1 Qe4 32. Qa2+ Nc4 33. Qb3 Kh7 34. Ka2 Nxb2 35. Rd7 Nxa4 36. Rd8 Nc3+ 37. Ka3 Nb1+ 38. Ka2 Nc3+ 39. Ka3 Qe7 40. Qg8+ Kg6 41. Rd6+ Kh5 42. Qc4 Qe3 43. Kb4 Ne4 44. Rd1 Bc3+ 45. Kb5 a6+ 46. Kb6 Nxc5 47. Rh1+ Kg6 48. Rh3 Qe4 49. Qg8+ Bg7 50. Rf3 Nd7+ 51. Ka7 Nf6 52. Qc8 h5 53. Rb3 b5 54. Qxa6 Qe7+ 55. Qb7 Qxb7+ 56. Kxb7 Ne4 57. Kc6 Nc3 58. Ra3 Kf5 59. Ra7 Be5 60. Rh7 h4 61. Kd7 b4 62. Kc6 b3 63. Rb7 Ne2 0-1

[Event "Turkish Championship 2019"]
[Site "Antalya-Kemer"]
[Date "2019.11.30"]
[Round "8.3"]
[White "Cansun, Can Alp"]
[Black "Yuksel, Atilla Koksal"]
[Result "1-0"]
[ECO "B45"]
[WhiteElo "2203"]
[BlackElo "2250"]
[Annotator "NA"]
[PlyCount "59"]
[EventDate "2019.11.23"]
[EventType "tourn"]
[EventCountry "TUR"]
[SourceTitle "playchess.com"]
[Source "ChessBase"]
[SourceQuality "1"]
[TimeControl "40/5400+30:1800+30"]

1. e4 c5 2. Nf3 Nc6 3. d4 cxd4 4. Nxd4 Qb6 5. Nb3 Nf6 6. Nc3 e6 7. g3 a6 8. Bg2 d6 9. O-O Be7 10. a4 Na5 11. Kh1 O-O 12. f4 Nc4 13. a5 Qc7 14. g4 Nd7 15. g5 g6 16. f5 Re8 17. fxe6 fxe6 18. Nd5 Qd8 19. Nd4 Nf8 20. Nf6+ Bxf6 21. gxf6 Ne5 22. Nf3 Nf7 23. Ng5 Qc7 24. Nxf7 Kxf7 25. Qd2 Rd8 26. Qh6 Rd7 27. Be3 b5 28. axb6 Qb7 29. e5 d5 30. Bc5 1-0

[Event "Turkish Championship 2019"]
[Site "Antalya-Kemer"]
[Date "2019.11.30"]
[Round "8.4"]
[White "Sevgi, Volkan"]
[Black "Koksal, Ege"]
[Result "1-0"]
[ECO "C54"]
[WhiteElo "2325"]
[BlackElo "2375"]
[Annotator "NA"]
[PlyCount "115"]
[EventDate "2019.11.23"]
[EventType "tourn"]
[EventCountry "TUR"]
[SourceTitle "playchess.com"]
[Source "ChessBase"]
[SourceQuality "1"]
[TimeControl "40/5400+30:1800+30"]

1. e4 e5 2. Nf3 Nc6 3. Bc4 Bc5 4. c3 Nf6 5. d4 exd4 6. e5 d5 7. Bb5 Ne4 8. cxd4 Bb6 9. Nc3 O-O 10. Be3 Bg4 11. h3 Bh5 12. Qc2 Ba5 13. O-O Bxf3 14. gxf3 Nxd4 15. Bxd4 Bxc3 16. Be3 Bxe5 17. fxe4 Qh4 18. Kg2 dxe4 19. f4 exf3+ 20. Rxf3 Kh8 21. Qf5 f6 22. Bd3 Rad8 23. Bf2 Qh6 24. Be3 Qh4 25. Rd1 b6 26. b3 c5 27. Qg4 Qxg4+ 28. hxg4 Rd6 29. Bc2 Rxd1 30. Bxd1 Rd8 31. Be2 Kg8 32. Rf1 Kf7 33. Kf3 Ke7 34. Rh1 h6 35. Ke4 Bd4 36. Rd1 Bxe3 37. Rxd8 Kxd8 38. Kxe3 g6 39. Bd3 h5 40. Bxg6 hxg4 41. Kf4 Kc7 42. Kxg4 b5 43. Kf4 Kb6 44. Bc2 a5 45. Ke3 Kc6 46. Be4+ Kd6 47. Bd3 Kc6 48. Be4+ Kd6 49. Kd3 Kc7 50. Kc3 Kb6 51. Bg6 Kc7 52. Be8 Kb6 53. a4 bxa4 54. bxa4 f5 55. Bh5 Kc6 56. Kc4 f4 57. Bf3+ Kd6 58. Bh1 1-0

[Event "Turkish Championship 2019"]
[Site "Antalya-Kemer"]
[Date "2019.12.01"]
[Round "9.2"]
[White "Yuksel, Atilla Koksal"]
[Black "Sevgi, Volkan"]
[Result "1-0"]
[ECO "B20"]
[WhiteElo "2250"]
[BlackElo "2325"]
[Annotator "ChessBase"]
[PlyCount "130"]
[EventDate "2019.11.23"]
[EventType "tourn"]
[EventCountry "TUR"]
[SourceTitle "playchess.com"]
[Source "ChessBase"]
[SourceQuality "1"]
[TimeControl "40/5400+30:1800+30"]

1. e4 c5 2. Nc3 a6 3. a4 e6 4. Bc4 Nf6 5. e5 d5 6. exf6 dxc4 7. fxg7 Bxg7 8. Qg4 O-O 9. Qxc4 Nc6 10. Nf3 Nd4 11. Nxd4 cxd4 12. Ne4 b5 13. Qe2 Qd5 14. O-O Bb7 15. f3 f5 16. Nf2 e5 17. d3 Rac8 18. axb5 axb5 19. Bg5 Rc6 20. Kh1 Rfc8 21. Rfc1 R8c7 22. Ra5 h6 23. Bh4 Rc5 24. Nd1 e4 25. fxe4 fxe4 26. Nf2 e3 27. Ne4 Rf7 28. Nxc5 Qxc5 29. Raa1 Be5 30. Rg1 Rg7 31. Raf1 Bd6 32. Bf6 Rg6 33. c3 dxc3 34. bxc3 Bc7 35. d4 Qc6 36. Be5 Bxe5 37. dxe5 Qxc3 38. Qa2+ Qc4 39. Qxc4+ bxc4 40. Re1 Kf7 41. Rxe3 Ke6 42. Re2 Rg4 43. Rb1 Be4 44. Rb6+ Kxe5 45. Rxh6 c3 46. h3 Rf4 47. Kh2 Kd4 48. Rd6+ Kc5 49. Rd8 Bc6 50. Re5+ Kc4 51. Re6 Bd5 52. Re3 c2 53. Rc8+ Kd4 54. Re2 Be4 55. Rexc2 Bxc2 56. Rxc2 Ke5 57. Kg3 Ra4 58. Rf2 Ra8 59. h4 Ra3+ 60. Rf3 Ra1 61. Kg4 Ra8 62. g3 Ke4 63. Rf1 Rg8+ 64. Kh3 Rh8 65. g4 Kd5 1-0

[Event "Turkish Championship 2019"]
[Site "Antalya-Kemer"]
[Date "2019.12.01"]
[Round "9.4"]
[White "Ozen, Deniz"]
[Black "Gokerkan, Cem Kaan"]
[Result "1-0"]
[ECO "B27"]
[WhiteElo "2422"]
[BlackElo "2452"]
[Annotator "ChessBase"]
[PlyCount "57"]
[EventDate "2019.11.23"]
[EventType "tourn"]
[EventCountry "TUR"]
[SourceTitle "playchess.com"]
[Source "ChessBase"]
[SourceQuality "1"]
[TimeControl "40/5400+30:1800+30"]

1. e4 c5 2. Nf3 g6 3. c3 Bg7 4. Bc4 e6 5. d4 cxd4 6. cxd4 d5 7. exd5 exd5 8. Bb5+ Nc6 9. Bg5 Nge7 10. O-O O-O 11. Bxc6 bxc6 12. h3 Rb8 13. Qc1 Re8 14. Nbd2 f6 15. Bf4 Rb5 16. Re1 g5 17. Bh2 h5 18. Nb3 Bf5 19. Qc3 Qc8 20. Nc5 Bf8 21. Qe3 Kf7 22. Nxg5+ fxg5 23. Qxg5 Rxb2 24. Be5 Ng8 25. Re3 Rxe5 26. Rxe5 Bg6 27. Rae1 Bd6 28. Re6 Be4 29. Rxd6 1-0

[Event "Turkish Championship 2019"]
[Site "Antalya-Kemer"]
[Date "2019.12.02"]
[Round "10.2"]
[White "Cansun, Can Alp"]
[Black "Ozen, Deniz"]
[Result "0-1"]
[ECO "C07"]
[WhiteElo "2203"]
[BlackElo "2422"]
[Annotator "ChessBase"]
[PlyCount "168"]
[EventDate "2019.11.23"]
[EventType "tourn"]
[EventCountry "TUR"]
[SourceTitle "playchess.com"]
[Source "ChessBase"]
[SourceQuality "1"]
[TimeControl "40/5400+30:1800+30"]

1. e4 e6 2. d4 d5 3. Nd2 c5 4. exd5 Qxd5 5. Ngf3 cxd4 6. Bc4 Qd7 7. O-O Nc6 8. Nb3 a6 9. Nbxd4 Nxd4 10. Nxd4 Qc7 11. Bb3 Bd6 12. Re1 Ne7 13. h3 O-O 14. c3 Ng6 15. Qf3 Rb8 16. a4 b6 17. Bc2 Bb7 18. Be4 Bxe4 19. Qxe4 Qb7 20. b3 Qxe4 21. Rxe4 Ne7 22. Nf3 Rfc8 23. Bd2 Nc6 24. Ree1 h6 25. Red1 Be7 26. Rab1 Bf6 27. c4 Rb7 28. b4 Ne7 29. Rdc1 Rbc7 30. Be3 Rxc4 31. Rxc4 Rxc4 32. Bxb6 Nd5 33. Ba5 Nc3 34. Re1 Nxa4 35. Ne5 Rc2 36. g3 Nc3 37. Kf1 Nd5 38. Nd3 Bd4 39. Re2 Rc3 40. Rd2 Ra3 41. Nc1 Ra1 42. Rxd4 Rxc1+ 43. Kg2 Kf8 44. Rd2 Rc8 45. Rb2 Rb8 46. Kf3 Ke7 47. Ke4 Kd6 48. h4 f5+ 49. Kd3 e5 50. Rb1 Ne7 51. Ra1 Nc6 52. Kc4 Nd4 53. f4 Rc8+ 54. Kd3 Nb5 55. fxe5+ Kxe5 56. Bb6 Rc3+ 57. Kd2 Ra3 58. Rxa3 Nxa3 59. Kd3 g6 60. Be3 h5 61. Bc1 Nb5 62. Bd2 Kd5 63. Be3 Nd6 64. Bf4 Nc4 65. Kc3 Ne5 66. Kb3 Nc6 67. Kc3 Nd4 68. Kd3 Ne6 69. Bd2 Nd8 70. Be1 Nf7 71. Bc3 g5 72. hxg5 Nxg5 73. Bd2 Nf3 74. Bc3 Ng5 75. Bd2 Ne4 76. Bf4 Nf6 77. Bc1 Ng4 78. Bf4 Ne5+ 79. Kc3 Ke4 80. Bg5 Kf3 81. Bf4 h4 82. Bxe5 h3 83. g4 f4 84. g5 h2 0-1